 Dungeon Crawl Stone Soup version 0.32-a0-576-g706899e69d (webtiles) character file.

Game seed: 6474960717182931898

4941 juan097 the Insei (level 10, -2/74 HPs)
             Began as an Octopode Shapeshifter on Mar 1, 2024.
             Was an Elder of Fedhas.
             Slain by a killer bee (7 damage)
             ... on level 11 of the Dungeon.
             The game lasted 00:21:01 (7743 turns).

juan097 the Insei (Octopode Shapeshifter)           Turns: 7743, Time: 00:21:01

Health: -2/74      AC:  1    Str: 18    XL:     10   Next: 52%
Magic:  12/14      EV: 15    Int: 11    God:    Fedhas [****..]
Gold:   333        SH:  0    Dex: 15    Spells: 9/9 levels left

rFire   . .          .
                       - Unarmed
rCold   . . .        (no shield)
rNeg    . . .        (helmet currently unavailable)
rPois   .            (no amulet)
rElec   .            s - ring of see invisible
rCorr   .            n - ring of willpower
SInv    +            (no ring)
Will    +....        (no ring)
Stlth   ++++         (no ring)
HPRegen 0.32/turn    (no ring)
MPRegen 0.14/turn    (no ring)
                     (no ring)

%: no passive effects
@: lethally poisoned (-2 -> -8), beast-form, hasted, very quick
A: beast (slay +3), almost no armour, amphibious, 8 rings, camouflage 1,
gelatinous body 1, (nimble swimmer 1), tentacles, robust 1, strong 1, MP-powered
wands
a: Begin Untransformation, Renounce Religion, Wall of Briars, Grow
Ballistomycete, Overgrow


You were on level 11 of the Dungeon.
You worshipped Fedhas.
Fedhas was greatly pleased with you.
You were a hulking beast.
You visited 2 branches of the dungeon, and saw 10 of its levels.
You also visited: Sewer.

You collected 333 gold pieces.

Inventory:

Hand Weapons
 k - a +1 dagger of venom
 w - a +2 short sword of draining
Missiles
 e - 57 stones
 o - 8 boomerangs (quivered)
 p - 25 poisoned darts
 v - 2 curare-tipped darts
 F - 3 javelins
 I - a throwing net
Armour
 J - a +2 kite shield
Jewellery
 n - a ring of willpower (right tentacle)
 s - a ring of see invisible (left tentacle)
Talismans
 b - a beast talisman (active)
 c - a flux talisman
 E - a maw talisman
Wands
 q - a wand of roots (6)
 t - a wand of flame (61)
 B - a wand of quicksilver (21)
 G - a wand of charming (10)
Scrolls
 d - a scroll of fog {unknown}
 g - a scroll of summoning {unknown}
 h - 2 scrolls of teleportation
 l - a scroll of noise {unknown}
 r - 2 scrolls of amnesia
 u - a scroll of fear {unknown}
 x - a scroll of enchant armour {unknown}
 y - 2 scrolls of immolation {unknown}
 A - 8 scrolls of identify {unknown}
 D - a scroll of blinking {unknown}
Potions
 a - a potion of lignification
 f - 3 potions of attraction
 i - a potion of haste
 j - a potion of degeneration {unknown}
 m - a potion of resistance {unknown}
 z - a potion of heal wounds {unknown}
 C - 3 potions of brilliance {unknown}


   Skills:
 + Level 6.0 Fighting
 - Level 4.0 Throwing
 + Level 6.0 Dodging
 - Level 4.0 Stealth
 + Level 7.6 Unarmed Combat
 + Level 6.2 Invocations
 - Level 4.0 Evocations
 + Level 6.4 Shapeshifting


You had 9 spell levels left.
You didn't know any spells.
Your spell library contained the following spells:

 Spells                   Type           Power      Damage    Failure   Level
 Foxfire                  Conj/Fire      0%         2x1d4     34%         1
 Kiss of Death            Conj/Necr      0%         2d5       34%         1
 Mercury Vapours          Alch/Air       0%         N/A       47%         2
 Confusing Touch          Hex            0%         N/A       71%         3
 Mephitic Cloud           Conj/Alch/Air  0%         N/A       71%         3
 Animate Dead             Necr           0%         N/A       98%         4
 Dispel Undead            Necr           0%         3d6       98%         4
 Ignite Poison            Fire/Alch      0%         N/A       98%         4
 Olgreb's Toxic Radiance  Alch           0%         N/A       98%         4
 Freezing Cloud           Conj/Ice/Air   0%         6-21      100%        5
 Ozocubu's Refrigeration  Ice            0%         4d7       100%        7
 Discord                  Hex            0%         N/A       100%        8


Dungeon Overview and Level Annotations

Branches:
Dungeon (8/15)             Temple (1/1) D:4           Sewer (visited)
   Lair: D:8-11

Altars:
Ashenzari
Cheibriados
Dithmenos
Elyvilon
Fedhas
Gozag
Hepliaklqana
Kikubaaqudgha
Makhleb
Nemelex Xobeh
Okawaru
Qazlal
Ru
Sif Muna
Trog
Vehumet
Wu Jian
Xom
Yredelemnul
Zin
The Shining One

Annotations:
D:4 Sigmund


Innate Abilities, Weirdness & Mutations

You are a hulking beast.
Your limbs bulge with bestial killing power. (Slay +3)
You cannot wear most types of armour.
You are amphibious.
You can wear up to eight rings at the same time.
Your skin changes colour to match your surroundings (Stealth+).
Your rubbery body absorbs attacks. (AC +1, EV +1)
((You are camouflaged when in or above water. (Stealth+)))
You have tentacles for arms and can constrict up to eight enemies at once.
You are robust. (+10% HP)
Your muscles are strong. (Str +4, Int/Dex -1)
You expend magic power (3 MP) to strengthen your wands.


Message History

Your Dodging skill increases to level 6!
You barely miss the killer bee. Your grab misses the killer bee.
The killer bee closely misses you.
A ballistomycete spore comes into view.
The killer bee attacks as it pursues you!
The killer bee stings you!
* * * LOW HITPOINT WARNING * * *
The killer bee stings you.
* * * LOW HITPOINT WARNING * * *
You are lethally poisoned!
The killer bee poisons you!
Your ballistomycete spore explodes!
The killer bee appears confused.
The explosion of spores engulfs the killer bee!!
You kill the killer bee!
Fedhas appreciates your contribution to the ecosystem.
You hear an angry buzzing noise. x6
You feel better.
You start resting.
A killer bee comes into view.
There is a stone staircase leading up here.
The killer bee attacks as it pursues you!
The killer bee misses you. The killer bee barely misses you.
You see here a killer bee corpse.
The killer bee attacks as it pursues you!
The killer bee barely misses you. The killer bee closely misses you.
A killer bee comes into view.
The killer bee attacks as it pursues you!
The killer bee stings you!
* * * LOW HITPOINT WARNING * * *
The killer bee stings you.
* * * LOW HITPOINT WARNING * * *
You are lethally poisoned!
The killer bee poisons you!
It was a potion of haste.
You feel yourself speed up.
* * * LOW HITPOINT WARNING * * *
You feel very sick. The killer bee barely misses you.
The killer bee stings you!
You die...
Fedhas appreciates your contribution to the ecosystem.

#... #..# #.# ### ##
#..# .#.#.#.#.## #..# .#
....###.#.# #..####..#
..y..#.#P######........#
#....#.#..............#
###....#†#P.....h####
.#...y.#†##.###.y#
.y...#..#y..# #.†#
.#..#.y#.#### #Py#
##....#.# #..# #
#......#..####..####).#
...#.#.#.#..............
.#.....###..............
###...#. ###..####..####


You could see 2 killer bees and a friendly ballistomycete (summoned).

Vanquished Creatures
  Pikel (D:5)
  Maurice (D:8)
  Grinder (D:3)
  A vampire (D:11)
  A wraith (D:7)
  2 yaks (D:5)
  3 water moccasins
  An ice beast (D:5)
  2 black bears (D:5)
  A phantom (D:6)
  8 kobold brigands
  2 bullfrogs
  3 scorpions (D:6)
  2 water moccasin zombies (D:5)
  4 wights
  6 killer bees (D:11)
  3 howler monkeys
  3 bombardier beetles
  2 centaur zombies (D:5)
  2 bullfrog zombies (D:5)
  3 hounds
  A gnoll bouda (D:7)
  3 orc priests
  Natasha (thrice) (D:3)
  3 iguanas
  9 orc wizards
  3 gnolls (D:7)
  9 adders
  2 river rats (Sewer)
  A shadow imp (D:6)
  A white imp (D:7)
  5 ufetubi
  6 dart slugs
  A ribbon worm (D:2)
  19 orcs
  14 endoplasms
  4 giant cockroaches
  2 hobgoblins (D:4)
  8 jackals
  9 quokkas
  11 ball pythons
  9 bats
  2 frilled lizards (D:1)
  6 goblins
  12 kobolds
  12 rats
207 creatures vanquished.

Vanquished Creatures (collateral kills)
  A ballistomycete spore (D:11)
1 creature vanquished.

Vanquished Creatures (others)
  A sleepcap (D:5)
  A gnoll (D:7)
  An endoplasm (D:4)
3 creatures vanquished.

Grand Total: 211 creatures vanquished

Notes
Turn   | Place    | Note
-------+----------+-------------------------------------------
     0 | D:1      | juan097 the Octopode Shapeshifter began the quest for the
                  | Orb.
     0 | D:1      | Reached XP level 1. HP: 13/13 MP: 1/1
   168 | D:1      | Reached XP level 2. HP: 18/18 MP: 2/2
   287 | D:1      | Reached skill level 1 in Stealth
   671 | D:1      | Reached XP level 3. HP: 23/23 MP: 3/3
  1229 | D:2      | Reached XP level 4. HP: 29/29 MP: 4/4
  1382 | D:2      | Found a faded altar of an unknown god.
  1388 | D:2      | Prayed at the altar of an unknown god.
  1388 | D:2      | Became a worshipper of Fedhas Madash
  1388 | D:2      | Reached * piety under Fedhas
  1463 | D:3      | Noticed Grinder
  1512 | D:3      | Noticed Natasha
  1515 | D:3      | Killed Natasha
  1708 | D:3      | Reached skill level 4 in Unarmed Combat
  1719 | D:3      | Reached XP level 5. HP: 25/34 MP: 5/5
  1724 | D:3      | Killed Grinder
  1724 | D:3      | Reached ** piety under Fedhas
  1725 | D:3      | Reached XP level 6. HP: 19/41 MP: 6/6
  1898 | D:3      | Noticed Natasha
  1902 | D:3      | Killed Natasha
  2120 | D:3      | Noticed Natasha
  2125 | D:3      | Killed Natasha
  2298 | D:4      | Noticed Sigmund
  2334 | D:4      | Reached skill level 5 in Unarmed Combat
  2334 | D:4      | Reached XP level 7. HP: 45/45 MP: 7/7
  2362 | D:4      | Found a glowing drain.
  2391 | Sewer    | Entered a sewer
  2912 | Sewer    | Reached *** piety under Fedhas
  2976 | Sewer    | Reached skill level 1 in Invocations
  2978 | Sewer    | Gained mutation: Your muscles are strong. (Str +4, Int/Dex
                  | -1) [potion of mutation]
  2978 | Sewer    | Gained mutation: You are robust. (+10% HP) [potion of
                  | mutation]
  2978 | Sewer    | Gained mutation: You expend magic power (3 MP) to
                  | strengthen your wands. [potion of mutation]
  2979 | Sewer    | HP: 2/50 [poisoned by a kobold brigand (curare-tipped
                  | dart)]
  3207 | Sewer    | Reached skill level 6 in Unarmed Combat
  3252 | Sewer    | Reached XP level 8. HP: 57/57 MP: 8/8
  3657 | D:4      | Found a staircase to the Ecumenical Temple.
  3664 | Temple   | Entered the Ecumenical Temple
  3886 | D:5      | Entered Level 5 of the Dungeon
  3935 | D:5      | Noticed Pikel
  3944 | D:5      | Killed Pikel
  3945 | D:5      | Reached skill level 5 in Shapeshifting
  4136 | D:5      | Noticed a yak
  4137 | D:5      | Noticed a yak
  4374 | D:5      | Reached XP level 9. HP: 53/63 MP: 12/12
  4452 | D:5      | Reached skill level 1 in Evocations
  4539 | D:5      | Found a glowing silver altar of Zin.
  4658 | D:5      | Found a basalt altar of Yredelemnul.
  4935 | D:5      | HP: 2/64 [yak (7)]
  5374 | D:6      | Found a shimmering blue altar of Sif Muna.
  5663 | D:5      | Reached skill level 5 in Invocations
  5687 | D:6      | Reached skill level 5 in Fighting
  5687 | D:6      | Reached skill level 5 in Dodging
  5794 | D:6      | Reached **** piety under Fedhas
  6428 | D:7      | Reached skill level 7 in Unarmed Combat
  6428 | D:7      | Reached XP level 10. HP: 65/72 MP: 14/14
  7245 | D:7      | Got the Handbook of Dark Mysteries and Anthracomancy
  7372 | D:8      | Noticed Maurice
  7379 | D:8      | Maurice stole a beast talisman
  7386 | D:8      | Killed Maurice
  7683 | D:8      | You fall into a shaft and drop 3 floors!
  7704 | D:11     | Reached ***** piety under Fedhas
  7743 | D:11     | Slain by a killer bee

Illustrated notes

Levels and vault maps discovered:
D:1:      sevenhm_arrival_forest_fort_large_1, layout_loops_ring,
          minmay_misc_feat_plants
D:2:      layout_rooms, shapermc_ecumenical_altar_petra, hangedman_decor_points
D:3:      layout_rooms, serial_glass, glass_columns_a, glass_columns_a,
          feat_on_display, feat_on_display, item_on_display_b, uniq_natasha,
          uniq_grinder
D:4:      layout_cave_pools, minmay_temple_entry_nine_rooms,
          gup_sewer_entry_pipe, uniq_sigmund
D:5:      layout_rooms, lemuel_round_altar, nicolae_yredelemnul_corpse_copse,
          uniq_pikel
D:6:      minmay_bubble_buster, layout_loops_ring, nicolae_uskayaw_en_pointe,
          mainiacjoe_overflow_cross_hatched, st_stairs_8,
          kennysheep_generic_room_9
D:7:      layout_basic
D:8:      layout_basic, gammafunk_ghost_hydra_chop, uniq_maurice
D:11:     hangedman_what_comes_after_a, layout_small_grid, david_orc_3
Temple:   dpeg_five_rooms_temple

Skill      XL: |  1  2  3  4  5  6  7  8  9 10 |
---------------+-------------------------------+-----
Stealth        | 1 2 3 4 |  4.0
Fighting       | 2 3 4 5 6 |  6.0
Unarmed Combat | 4 5 6 7 |  7.6
Dodging        | 3 4 5 6 |  6.0
Shapeshifting  | 4 5 6 |  6.4
Invocations    | 1 4 5 6 |  6.2
Throwing       | 4 |  4.0
Evocations     | 3 4 |  4.0

Action                     |  1- 3 |  4- 6 |  7- 9 | 10-12 || total
---------------------------+-------+-------+-------+-------++-------
  Melee: Unarmed           |    66 |    61 |   195 |    81 ||   403
         Constrict         |    17 |    15 |    47 |    26 ||   105
         Tentacles         |     6 |    11 |    49 |    24 ||    90
         Punch             |     1 |     1 |    10 |     8 ||    20
  Throw: Stone             |     7 |    11 |       |       ||    18
         Boomerang         |       |     1 |    18 |    14 ||    33
         Dart              |       |     3 |    31 |     2 ||    36
 Invoke: Wall of Briars    |       |       |     2 |     1 ||     3
         Grow Ballistomyce |       |       |       |     1 ||     1
  Evoke: Wand              |       |     1 |     2 |     2 ||     5
    Use: Potion            |       |       |     5 |     2 ||     7
         Scroll            |       |       |       |     2 ||     2
   Stab: Sleeping          |     8 |     3 |    20 |       ||    31
         Distracted        |       |     1 |     1 |     2 ||     4
 Armour: Skin              |    31 |    30 |    89 |    37 ||   187
  Dodge: Dodged            |    49 |    44 |   106 |    63 ||   262

Table legend: (Time is in decaauts)
 A = Elapsed time spent in this place.
 B = Non-inter-level travel time spent in this place.
 C = Inter-level travel time spent in this place.
 D = Time resting spent in this place.
 E = Time spent auto-exploring this place.
 F = Levels seen in this place.
 G = Mean time per level.
                   A        B        C        D        E       F      G
               +--------+--------+--------+--------+--------+-----+--------+
         Total |   7727 |   7427 |    300 |    637 |   4916 |  11 |  702.5 |
       Dungeon |   6780 |   6480 |    300 |    631 |   4221 |   9 |  753.3 |
        Temple |      1 |      1 |      0 |      0 |      0 |   1 |    1.0 |
         Sewer |    945 |    945 |      0 |      6 |    695 |   1 |  945.0 |
               +--------+--------+--------+--------+--------+-----+--------+

Top non-repeatable levels by time:
     D:5: 1288 daAuts
     D:6: 1009 daAuts
   Sewer: 945 daAuts
     D:4: 911 daAuts
     D:7: 861 daAuts
     D:1: 807 daAuts
     D:3: 760 daAuts
     D:2: 707 daAuts
     D:8: 375 daAuts
    D:11: 57 daAuts
  Temple: 1 daAuts
